 Dungeon Crawl Stone Soup version 0.31.0-32-g396128a36d (webtiles) character file.

Game seed: 7695441873293239840

15 Finalfun the Sneak (level 2, 0/17 HPs)
             Began as an Octopode Earth Elementalist on Mar 24, 2024.
             Slain by a ball python (2 damage)
             ... on level 1 of the Dungeon.
             The game lasted 00:01:01 (510 turns).

Finalfun the Sneak (Octopode Earth Elementalist)     Turns: 510, Time: 00:01:02

Health: 0/17       AC:  1    Str:  7    XL:     2   Next: 50%
Magic:  3/5        EV: 10    Int: 17    God:
Gold:   69         SH:  0    Dex: 12    Spells: 4/5 levels left

rFire   . . .        c - +0 spear
rCold   . . .        (no shield)
rNeg    . . .        (helmet restricted)
rPois   .            (no amulet)
rElec   .            (no ring)
rCorr   .            (no ring)
SInv    .            (no ring)
Will    .....        (no ring)
Stlth   +++          (no ring)
HPRegen 0.22/turn    (no ring)
MPRegen 0.09/turn    (no ring)
                     (no ring)

%: no passive effects
@: constricted
A: almost no armour, amphibious, 8 rings, camouflage 1, gelatinous body 1,
(nimble swimmer 1), tentacles
a: no special abilities


You were on level 1 of the Dungeon.
You visited 1 branch of the dungeon, and saw 1 of its levels.

You collected 69 gold pieces.

Inventory:

Hand Weapons
 c - a +0 spear (weapon)
Missiles
 b - 6 poisoned darts
Scrolls
 d - a scroll of acquirement {unknown}
 e - a scroll of enchant armour {unknown}
 g - a scroll of identify {unknown}
Potions
 a - a potion of magic
 f - a potion of mutation {unknown}


   Skills:
 + Level 1.2 Polearms
 - Level 2.0 Dodging
 + Level 3.6 Stealth
 - Level 2.0 Spellcasting
 - Level 1.0 Conjurations
 - Level 3.0 Earth Magic


You had 4 spell levels left.
You knew the following spells:

 Your Spells              Type           Power      Damage    Failure   Level
a - Sandblast             Erth           22%        2d7       5%          1

Your spell library contained the following spells:

 Spells                   Type           Power      Damage    Failure   Level
 Passwall                 Erth           11%        N/A       17%         3
 Stone Arrow              Conj/Erth      16%        3d8       26%         3
 Brom's Barrelling Bould  Conj/Erth      8%         2d3       63%         4
 Petrify                  Alch/Erth      6%         N/A       71%         4


Dungeon Overview and Level Annotations

Branches:
Dungeon (1/15)

Altars:
Ashenzari


Innate Abilities, Weirdness & Mutations

You cannot wear most types of armour.
You are amphibious.
You can wear up to eight rings at the same time.
Your skin changes colour to match your surroundings (Stealth+).
Your rubbery body absorbs attacks. (AC +1, EV +1)
((You are camouflaged when in or above water. (Stealth+)))
You have tentacles for arms and can constrict up to eight enemies at once.


Message History

You see here a hobgoblin corpse.
You reach to attack!
The helpless hobgoblin fails to defend itself.
You hit the hobgoblin but do no damage. You closely miss the hobgoblin.
Your grab misses the hobgoblin. You squeeze the hobgoblin.
The hobgoblin is moderately wounded.
The hobgoblin closely misses you.
You closely miss the hobgoblin. You grab the hobgoblin.
The hobgoblin is moderately wounded.
You constrict the hobgoblin, but do no damage.
The ball python misses you. The ball python grabs you.
The ball python constricts you. The hobgoblin hits you.
You closely miss the ball python. Your grab misses the ball python.
You constrict the hobgoblin. The ball python bites you.
The ball python constricts you. The hobgoblin closely misses you.
The kobold barely misses you.
Casting: Sandblast (safe; 5% risk of failure)
Confirm with . or Enter, or press ? or * to list all spells.
Aiming: Sandblast (safe; 5% risk of failure)
Press: ? - help, Shift-Dir - straight line, f/p - hobgoblin
Aim: a hobgoblin (heavily wounded, constricted by you, 100% to hit)
The blast of sand hits the hobgoblin.
You kill the hobgoblin!
The ball python barely misses you. The ball python constricts you.
The kobold hits you with a +0 dagger. The ball python bites you.
* * * LOW HITPOINT WARNING * * *
The ball python constricts you.
* * * LOW HITPOINT WARNING * * *
Casting: Sandblast (safe; 5% risk of failure)
Confirm with . or Enter, or press ? or * to list all spells.
Aiming: Sandblast (safe; 5% risk of failure)
Press: ? - help, Shift-Dir - straight line, f - kobold
Aim: a kobold, wielding a +0 dagger (77% to hit)
The blast of sand misses the kobold.
The ball python bites you but does no damage.
The ball python constricts you.
* * * LOW HITPOINT WARNING * * *
The kobold hits you but does no damage. The ball python bites you.
You die...

.# .# # ..# #. ...
####.#### #.#
........# #.#
#?...#####.#
#...@K..†..#
##.S..#.#..# #+#
#....#....#####.#
....>..........##.#
####........##..#.#
#.#............# .
#.#.#...####...###.
#.#.#...####.......
#................


You could see a ball python and a kobold.

Vanquished Creatures
  3 endoplasms (D:1)
  A giant cockroach (D:1)
  A goblin (D:1)
  2 hobgoblins (D:1)
  A quokka (D:1)
  2 ball pythons (D:1)
  3 bats (D:1)
  A frilled lizard (D:1)
14 creatures vanquished.

Notes
Turn   | Place    | Note
-------+----------+-------------------------------------------
     0 | D:1      | Finalfun the Octopode Earth Elementalist began the quest
                  | for the Orb.
     0 | D:1      | Reached XP level 1. HP: 11/11 MP: 3/3
   121 | D:1      | Found a broken altar of Ashenzari.
   368 | D:1      | Reached XP level 2. HP: 15/17 MP: 5/5
   383 | D:1      | Reached skill level 1 in Polearms
   510 | D:1      | Slain by a ball python

Illustrated notes

Levels and vault maps discovered:
D:1:      dpeg_arrival_lava_altar, layout_basic

Skill      XL: |  1  2 |
---------------+-------+-----
Stealth        | 3 |  3.6
Polearms       | 1 |  1.2
Dodging        | |  2.0
Spellcasting   | |  2.0
Conjurations   | |  1.0
Earth Magic    | |  3.0

Action                     || total
---------------------------++-------
  Melee: Spear             ||    21
         Tentacles         ||     6
         Constrict         ||     4
         Punch             ||     1
   Cast: Sandblast         ||     6
   Stab: Sleeping          ||     4
 Armour: Skin              ||     9
  Dodge: Dodged            ||    10
